 Dungeon Crawl Stone Soup version 0.14-a0-1663-g0b35444 (webtiles) character file.

142 Nicoed the Ducker (level 3, -3/27 HPs)
             Began as a Demonspawn Gladiator on Dec 29, 2013.
             Slain by a gnoll
             ... wielding a -1,+1 orcish whip
              (7 damage)
             ... on Level 2 of the Dungeon.
             The game lasted 00:05:04 (1075 turns).

Nicoed the Ducker (Demonspawn Gladiator)            Turns: 1075, Time: 00:05:06

HP  -3/27        AC  5     Str 16      XL: 3   Next: 42%
MP   3/3         EV 12     Int  9      God:
Gold 97          SH  0     Dex 13      Spells:  0 memorised,  2 levels left

rFire  . . .     SeeInvis .     a - +0 hand axe
rCold  . . .     Clarity  .     b - +0 leather armour
rNeg   . . .     Conserve .     (no shield)
rPois  .         rCorr    +     (helmet restricted)
rElec  .         rRot     .     (no cloak)
SustAb . .       Spirit   .     t - +0 pair of gloves
rMut   .         Warding  .     (no boots)
Saprov . . .     Stasis   .     i - amulet of resist corrosion {unknown}
                                o - +1 ring of protection
                                n - ring of hunger

@: not resistant to hostile enchantments, very unstealthy
A: antennae 1, demonic guardian 1
a: no special abilities


You were on level 2 of the Dungeon.
You were not hungry.

You visited 1 branch of the dungeon, and saw 2 of its levels.

You collected 97 gold pieces.

Inventory:

Hand weapons
 a - a +0,+0 hand axe (weapon)
Missiles
 d - 3 throwing nets (quivered)
Armour
 b - a +0 leather armour (worn)
 t - a +0 pair of gloves (worn)
Comestibles
 c - a meat ration
 f - a bread ration
 h - a pear
 j - a cheese
Scrolls
 g - a scroll of immolation {unknown}
 l - a scroll of enchant weapon I {unknown}
 m - a scroll of remove curse
 p - a scroll of enchant weapon II {unknown}
 r - a scroll of teleportation {unknown}
 s - a scroll of identify {unknown}
Jewellery
 i - an amulet of resist corrosion (around neck) {unknown}
 n - a ring of hunger (left hand)
 o - a +1 ring of protection (right hand)
Potions
 e - a potion of agility {unknown}
 k - 2 potions of restore abilities {unknown}
 q - a potion of curing {unknown}


   Skills:
 * Level 2.2 Fighting
 - Level 2.7 Axes
 - Level 1.7 Throwing
 * Level 1.2 Armour
 + Level 3.6 Dodging


You had 2 spell levels left.
You didn't know any spells.

Dungeon Overview and Level Annotations

Branches:
Dungeon (2/16)

Altars:


Innate Abilities, Weirdness & Mutations

You have a pair of small antennae on your head.
A weak demonic guardian rushes to your aid.


Message History

The gnoll closely misses your iron imp.
The gnoll hits your iron imp with a spear.
The gnoll hits your iron imp but does no damage.
Your iron imp hits the gnoll.
Your iron imp hits the gnoll.
The gnoll dies!
It disappears in a puff of smoke!
As you read the scroll labeled TRAGUX TIFYGIGH, it crumbles to dust.
You feel as if something is helping you.
It was a scroll of remove curse.
You hit the gnoll.
The gnoll is moderately wounded.
The gnoll barely misses you.
You hit the gnoll but do no damage.
The gnoll is moderately wounded.
The gnoll hits you with an orcish whip.
The gnoll hits you from afar with a halberd!
* * * LOW HITPOINT WARNING * * *
The gnoll hits you with an orcish whip!
You die...

.########...#.######.###.#.###
#...#.# #.# ###.### #####.#
#.# .<#.. #.# #.# ..#.# #.#
#.# ...#.. #.# #.# ##.#.. #5#
..... #.# .. ..... .#### #@#
.. ... .......#######g# #.# .
.......)..g.##g######.####
......)..g....g...........
.......5g.................
####...##.###.###....#### ####
#.# #.# #....# #.# #.# #....#
#.# #.# #....# #


You could see 3 gnolls and a friendly crimson imp.

Vanquished Creatures
  A giant gecko (D:2)
  2 giant cockroaches
  3 goblins
  7 hobgoblins
  4 jackals (D:1)
  4 kobolds
  8 bats
  3 giant newts
  2 rats (D:1)
34 creatures vanquished.

Vanquished Creatures (collateral kills)
  A gnoll (D:2)
  A kobold (D:2)
2 creatures vanquished.

Vanquished Creatures (others)
  An iron imp (D:2)
1 creature vanquished.

Grand Total: 37 creatures vanquished

Notes
Turn   | Place    | Note
--------------------------------------------------------------
     0 | D:1      | Nicoed, the Demonspawn Gladiator, began the quest for the Orb.
     0 | D:1      | Reached XP level 1. HP: 16/16 MP: 1/1
   142 | D:1      | Reached skill level 3 in Dodging
   182 | D:1      | Gained mutation: A weak demonic guardian rushes to your aid. [demonic ancestry]
   182 | D:1      | Reached XP level 2. HP: 20/22 MP: 2/2
   888 | D:2      | Reached skill level 1 in Armour
   894 | D:2      | Gained mutation: You have a pair of small antennae on your head. [demonic ancestry]
   894 | D:2      | Reached XP level 3. HP: 24/27 MP: 3/3
  1075 | D:2      | Slain by a gnoll

Action                   || total
-------------------------++-------
Melee: Hand axe          ||   128
  Use: Scroll            ||     1
